 Dungeon Crawl Stone Soup version 0.27-a0-1434-g6f15984924 (webtiles) character file.

Game seed: 7328037824156696839

2659 JellyBread the Cleaver (level 9, -1/81 HPs)
             Began as a Minotaur Fighter on July 3, 2021.
             Was an Initiate of Gozag.
             Slain by a killer bee (5 damage)
             ... on level 10 of the Dungeon.
             The game lasted 00:22:42 (8603 turns).

JellyBread the Cleaver (Minotaur Fighter)           Turns: 8603, Time: 00:23:12

Health: -1/81      AC: 10    Str: 22    XL:     9   Next: 36%
Magic:  17/17      EV:  7    Int:  6    God:    Gozag
Gold:   885        SH: 10    Dex: 11    Spells: 8/8 levels left

rFire    . . .     SeeInvis .   a - +1 war axe
rCold    . . .     Faith    .   c - +0 kite shield
rNeg     . . .     Spirit   .   q - +0 chain mail
rPois    .         Reflect  .   (helmet restricted)
rElec    .         Harm     .   (no cloak)
rCorr    .         Rampage  .   (no gloves)
Will     .....                  (no boots)
Stlth    ..........             (no amulet)
HPRegen  0.23/turn              h - ring of magical power
MPRegen  0.15/turn              (no ring)

@: lethally poisoned (-1 -> -3), gold aura
A: horns 2, retaliatory headbutt
a: Renounce Religion, Potion Petition, Call Merchant, Bribe Branch


You were on level 10 of the Dungeon.
You worshipped Gozag.
Gozag was pleased with you.
You visited 1 branch of the dungeon, and saw 8 of its levels.

You collected 1011 gold pieces.
You spent 82 gold pieces at shops.
You paid 44 gold pieces to Gozag.

Inventory:

Hand Weapons
 a - a +1 war axe (weapon)
Missiles
 y - a throwing net (quivered)
 A - a curare-tipped dart
Armour
 c - a +0 kite shield (worn)
 q - a +0 chain mail (worn)
Jewellery
 h - a ring of magical power (left hand)
 C - an amulet of regeneration
Wands
 l - a wand of acid (9)
 v - a wand of paralysis (8)
 D - a wand of iceblast (13)
Scrolls
 j - a scroll of enchant weapon
 k - a scroll of blinking
 o - a scroll of teleportation
 t - a scroll of noise
 u - a scroll of fog {unknown}
 w - a scroll of summoning {unknown}
 x - a scroll of torment {unknown}
 B - a scroll of identify {unknown}
Potions
 b - a potion of attraction {unknown}
 d - 4 potions of might
 e - 2 potions of curing {unknown}
 f - a potion of cancellation {unknown}
 i - a potion of mutation {unknown}
 m - a potion of magic {unknown}
 n - a potion of haste
 p - 3 potions of heal wounds {unknown}
 r - a potion of lignification {unknown}
 s - a potion of brilliance {unknown}
 z - a potion of flight {unknown}


   Skills:
 * Level 7.8 Fighting
 + Level 8.3 Axes
 + Level 7.9 Armour
 + Level 2.3 Dodging
 + Level 1.0 Stealth
 + Level 6.8 Shields
 * Level 3.9 Evocations


You had 8 spell levels left.
You didn't know any spells.
Your spell library contained the following spells:

 Spells                   Type           Power      Damage    Failure   Level
 Magic Dart               Conj           0%         1d3       100%        1
 Pain                     Necr           0%         1d4       100%        1
 Corpse Rot               Necr/Air       N/A        N/A       100%        2
 Searing Ray              Conj           0%         3d3       100%        2
 Ozocubu's Armour         Ice            0%         N/A       100%        3
 Stone Arrow              Conj/Erth      0%         3d7       100%        3
 Animate Armour           Summ/Erth      0%         N/A       100%        4
 Dispel Undead            Necr           0%         3d6       100%        4
 Fulminant Prism          Conj/Hex       0%         3d6       100%        4
 Summon Lightning Spire   Summ/Air       0%         N/A       100%        4
 Agony                    Necr           0%         N/A       100%        5
 Excruciating Wounds      Necr           0%         N/A       100%        5
 Fireball                 Conj/Fire      0%         3d3       100%        5
 Iskenderun's Battlesphe  Conj           0%         2d6       100%        5
 Conjure Ball Lightning   Conj/Air       0%         3x3d6     100%        6
 Death Channel            Necr           0%         N/A       100%        6
 Orb of Destruction       Conj           0%         N/A       100%        7
 Ozocubu's Refrigeration  Ice            0%         4d5       100%        7
 Storm Form               Tmut/Air       0%         N/A       100%        7
 Lehudib's Crystal Spear  Conj/Erth      0%         10d2      100%        8
 Maxwell's Capacitive Co  Air            0%         ∞         100%        8


Dungeon Overview and Level Annotations

Branches:
Dungeon (7/15)             Temple (0/1) D:4

Altars:
Dithmenos
Elyvilon
Gozag
Hepliaklqana
Nemelex Xobeh
Qazlal
Wu Jian
Xom
Yredelemnul

Shops:
D:2 *

Annotations:
D:4 exclusion: oklob sapling


Innate Abilities, Weirdness & Mutations

You have a pair of horns on your head.
You reflexively headbutt those who attack you in melee.


Message History

You block the killer bee's attack. The killer bee stings you.
* * * LOW HITPOINT WARNING * * *
You are more poisoned.
The killer bee poisons you! You block the killer bee's attack.
The killer bee stings you but does no damage.
The killer bee closely misses you. The killer bee stings you.
* * * LOW HITPOINT WARNING * * *
The killer bee stings you.
* * * LOW HITPOINT WARNING * * *
You miss the killer bee. You headbutt the killer bee.
You kill the killer bee!
You hit the killer bee. You slash the killer bee!
You kill the killer bee!
You feel very sick. You block the killer bee's attack.
The killer bee stings you.
* * * LOW HITPOINT WARNING * * *
You closely miss the killer bee. Your headbutt misses the killer bee.
The killer bee is almost dead.
You feel sick.
The killer bee stings you but does no damage.
The killer bee stings you.
* * * LOW HITPOINT WARNING * * *
The killer bee stings you but does no damage.
You miss the killer bee. Your headbutt misses the killer bee.
The killer bee is almost dead.
* * * LOW HITPOINT WARNING * * *
You feel sick. The killer bee closely misses you.
You block the killer bee's attack.
You miss the killer bee. Your headbutt misses the killer bee.
The killer bee is almost dead.
You feel sick. The killer bee closely misses you.
You block the killer bee's attack.
The killer bee is distracted by your dazzling golden aura.
You miss the killer bee.
The killer bee is no longer distracted by gold.
The killer bee buzzes angrily.
The killer bee is almost dead.
You feel sick. The killer bee stings you.
You die...
Your body crumbles into a pile of gold.

#...#..#
#...#..##...#
#...#..##...#
#...#..##...#
....#..##...#
...#..##...#
#..#..##...#
#..#..##...#
#..#...y@..#
#..#...$$..#
#.....##...#
#.....##......
#...<.##.......
#.....##........
#.....##...####.
#..(..##.).#
#.....#


You could see a killer bee.

Vanquished Creatures
  Sigmund (D:2)
  A sky beast (D:6)
  2 hornet zombies (D:7)
  3 orc warriors
  6 ogres
  A centaur (D:7)
  A kobold brigand (D:7)
  A wyvern zombie (D:7)
  2 scorpions (D:5)
  3 bullfrogs (D:7)
  2 water moccasin zombies
  A water moccasin skeleton (D:4)
  2 killer bees (D:10)
  A jelly (D:6)
  2 centaur zombies (D:7)
  2 bullfrog zombies
  A bullfrog skeleton (D:5)
  A hound (D:6)
  2 orc priests
  Ijyb (D:5)
  3 orc wizards
  A howler monkey skeleton (D:6)
  A howler monkey zombie (D:7)
  7 gnolls
  7 adders
  A white imp (D:5)
  An ufetubus (D:4)
  A dart slug (D:1)
  19 orcs
  9 ball pythons
  2 bats
  9 endoplasms
  7 giant cockroaches
  6 goblins
  6 hobgoblins
  4 jackals (D:5)
  17 kobolds
  3 quokkas
  6 frilled lizards
  8 rats
  2 bushes (D:5)
156 creatures vanquished.

Vanquished Creatures (others)
  8 plants
8 creatures vanquished.

Grand Total: 164 creatures vanquished

Notes
Turn   | Place    | Note
-------+----------+-------------------------------------------
     0 | D:1      | JellyBread the Minotaur Fighter began the quest for the
                  | Orb.
     0 | D:1      | Reached XP level 1. HP: 19/19 MP: 0/0
   205 | D:1      | Reached XP level 2. HP: 27/27 MP: 1/1
   475 | D:1      | Found a faded altar of an unknown god.
   562 | D:1      | Reached skill level 3 in Axes
   738 | D:1      | Reached XP level 3. HP: 33/33 MP: 2/2
  1109 | D:2      | Found a shimmering altar of Xom.
  1170 | D:2      | Noticed Sigmund
  1185 | D:2      | Killed Sigmund
  1186 | D:2      | Reached skill level 4 in Axes
  1186 | D:2      | Reached XP level 4. HP: 18/41 MP: 3/3
  1186 | D:2      | Reached XP level 5. HP: 20/47 MP: 4/4
  1714 | D:2      | Found Azxiumoc's General Store.
  1725 | D:2      | Bought a scroll of blinking for 82 gold pieces
  2076 | D:3      | Reached skill level 5 in Armour
  2573 | D:3      | Found an opulent altar of Gozag.
  2588 | D:3      | Became a worshipper of Gozag Ym Sagoz the Greedy
  2629 | D:3      | Reached skill level 5 in Axes
  2629 | D:3      | Reached XP level 6. HP: 51/53 MP: 5/5
  3076 | D:3      | Found a hazy altar of Hepliaklqana.
  3469 | D:4      | Reached skill level 1 in Dodging
  3594 | D:4      | Reached skill level 5 in Fighting
  3980 | D:4      | Found a sand-covered staircase.
  4118 | D:4      | Found a staircase to the Ecumenical Temple.
  4187 | D:4      | Reached skill level 1 in Evocations
  4582 | D:5      | Entered Level 5 of the Dungeon
  4587 | D:5      | Reached XP level 7. HP: 61/61 MP: 6/6
  4706 | D:5      | Reached skill level 6 in Axes
  4706 | D:5      | Reached skill level 5 in Shields
  5389 | D:5      | Found a stormy altar of Qazlal.
  5592 | D:5      | Noticed Ijyb
  5602 | D:5      | Paralysed by Ijyb for 6 turns
  5612 | D:5      | Killed Ijyb
  5852 | D:5      | Found a shadowy altar of Dithmenos.
  6045 | D:6      | Found a white marble altar of Elyvilon.
  6061 | D:6      | Reached XP level 8. HP: 70/70 MP: 7/7
  6682 | D:6      | Reached skill level 7 in Axes
  6682 | D:6      | Reached skill level 1 in Stealth
  7243 | D:7      | Found a sparkling altar of Nemelex Xobeh.
  7721 | D:7      | Reached XP level 9. HP: 23/79 MP: 8/8
  7752 | D:7      | Found a basalt altar of Yredelemnul.
  8091 | D:7      | Reached skill level 8 in Axes
  8552 | D:7      | Found an ornate altar of the Wu Jian Council.
  8573 | D:7      | You fall into a shaft and drop 3 floors!
  8573 | D:10     | Entered Level 10 of the Dungeon
  8603 | D:10     | HP: 4/81 [poisoned by a killer bee]
  8603 | D:10     | Slain by a killer bee

Illustrated notes

Levels and vault maps discovered:
D:1:      shiori_arrival_whats_in_store_for_you, layout_basic,
          hellmonk_ecumenical_altar_inner_sanctum, st_stairs_1
D:2:      layout_loops_ring, basic_altar, serial_shops, nicolae_diamond_shop,
          kennysheep_generic_room_3, uniq_sigmund
D:3:      layout_basic, old_standard_altar, nicolae_overflow_hidden_temple,
          nzn_hepliaklqana_mist_gate, serial_bayou_pond_b
D:4:      layout_rooms, minmay_temple_entry_oklob, enter_ossuary_5
D:5:      layout_loops_ring, grunt_qazlal_clouds, marbit_many_paths,
          minmay_hedge_maze, kennysheep_generic_room_7, uniq_ijyb
D:6:      layout_basic, amcnicky_altar_gilded
D:7:      layout_gridville, lemuel_tele_altar, nicolae_yredelemnul_corpse_copse,
          nzn_wu_jian_council_hall
D:10:     layout_long_grid, grunt_temple_overflow_magic_moments,
          blue_anna_alchemist, uniq_urug

Skill      XL: |  1  2  3  4  5  6  7  8  9 |
---------------+----------------------------+-----
Shields        | 4 5 6 |  6.8
Armour         | 4 5 6 7 |  7.9
Axes           | 3 4 5 6 7 8 |  8.3
Fighting       | 4 5 7 |  7.8
Dodging        | 1 2 |  2.3
Evocations     | 1 2 3 |  3.9
Stealth        | 1 |  1.0

Action                   |  1- 3 |  4- 6 |  7- 9 || total
-------------------------+-------+-------+-------++-------
Melee: War axe           |    78 |   113 |   290 ||   481
       Headbutt          |     7 |    22 |    73 ||   102
  Use: Scroll            |       |       |     4 ||     4
Armor: Scale mail        |    48 |    14 |       ||    62
       Chain mail        |       |    27 |   139 ||   166
Dodge: Dodged            |    39 |    39 |    91 ||   169
Block: Kite shield       |    49 |    51 |   168 ||   268

Table legend: (Time is in decaauts)
 A = Elapsed time spent in this place.
 B = Non-inter-level travel time spent in this place.
 C = Inter-level travel time spent in this place.
 D = Time resting spent in this place.
 E = Time spent auto-exploring this place.
 F = Levels seen in this place.
 G = Mean time per level.
                   A        B        C        D        E       F      G
               +--------+--------+--------+--------+--------+-----+--------+
         Total |   8795 |   8587 |    208 |      0 |   6811 |   8 | 1099.4 |
       Dungeon |   8795 |   8587 |    208 |      0 |   6811 |   8 | 1099.4 |
               +--------+--------+--------+--------+--------+-----+--------+

Top non-repeatable levels by time:
     D:5: 1453 daAuts
     D:3: 1431 daAuts
     D:7: 1366 daAuts
     D:6: 1265 daAuts
     D:1: 1143 daAuts
     D:4: 1138 daAuts
     D:2: 964 daAuts
    D:10: 32 daAuts
